TOP OF THE 1ST |
Chicago Machine batting - Pitching for Greenville 84s : RHP Jing-xiang Fa
|
Pitching: RHP Jing-xiang Fa
|
|
Batting: LHB Eric Wheeler
|
0-0: Ball 1-0: Swinging Strike 1-1: DOUBLE (Line Drive, 9LD)
|
Batting: LHB Bob Smith
|
0-0: Called Strike 0-1: Ball 1-1: Ball 2-1: Swinging Strike 2-2: Fly out, F8 (Line Drive, 8RM)
|
Batting: RHB Doug Stephens
|
0-0: Called Strike 0-1: Ball 1-1: Ball 2-1: Ball 3-1: 2-RUN HOME RUN (Flyball, 7LD), Distance : 357 ft
|
Batting: RHB Edward Young
|
0-0: Ball 1-0: Ball 2-0: Called Strike 2-1: Fly out, F7 (Flyball, 7D)
|
Batting: SHB Jesús Ramírez
|
0-0: Ball 1-0: Ball 2-0: SINGLE (Line Drive, 4MD)
|
Batting: RHB Rick Ayliffe
|
0-0: Ball 1-0: SINGLE (Groundball, 6MD) Jesús Ramírez to second
|
Batting: SHB Edward Bartlett
|
0-0: Foul Ball, location: 2F 0-1: Called Strike 0-2: Fly out, F8 (Flyball, 8RM)
|
Top of the 1st over - 2 run(s), 4 hit(s), 0 error(s), 2 left on base; Chicago 2 - Greenville 0 |
BOTTOM OF THE 1ST |
Greenville 84s batting - Pitching for Chicago Machine : RHP Zózimo Pascoal
|
Pitching: RHP Zózimo Pascoal
|
|
Batting: RHB Carlos Torres
|
0-0: Ball 1-0: Ball 2-0: Ball 3-0: Called Strike 3-1: Base on Balls
|
Batting: LHB Paco Rosas
|
0-0: Called Strike 0-1: Ball 1-1: Ball 2-1: Foul Ball, location: 2F 2-2: Ball 3-2: Base on Balls Carlos Torres to second
|
Batting: RHB Enzo Díaz
|
0-0: SINGLE (Groundball, 4D) Carlos Torres to third Paco Rosas to second Runner from 3rd tries for Home, SAFE, no throw or cutoff
|
Batting: RHB Sugita Ito
|
0-0: Ball 1-0: Ball 2-0: Called Strike 2-1: Ground out 5-3 (Groundball, 15S) Paco Rosas to third Enzo Díaz to second
|
Batting: LHB Jimmy Vickers
|
0-0: Called Strike 0-1: Ball 1-1: Called Strike 1-2: Ball 2-2: Ground out 1-3 (Groundball, 13S)
|
Batting: LHB Kiyonaga Morita
|
0-0: Ground out 4-3 (Groundball, 4M)
|
Bottom of the 1st over - 1 run(s), 1 hit(s), 0 error(s), 2 left on base; Chicago 2 - Greenville 1 |
TOP OF THE 2ND |
Chicago Machine batting - Pitching for Greenville 84s : RHP Jing-xiang Fa
|
Batting: RHB Roberto Cardona
|
0-0: Ground out 6-3 (Groundball, 6)
|
Batting: SHB Joaquín López
|
0-0: Called Strike 0-1: Called Strike 0-2: Strikes out swinging
|
Batting: LHB Eric Wheeler
|
0-0: Ball 1-0: SINGLE (Line Drive, 78S)
|
Batting: LHB Bob Smith
|
0-0: Called Strike 0-1: Ball 1-1: Ball 2-1: Fly out, F8 (Line Drive, 8RM)
|
Top of the 2nd over - 0 run(s), 1 hit(s), 0 error(s), 1 left on base; Chicago 2 - Greenville 1 |
BOTTOM OF THE 2ND |
Greenville 84s batting - Pitching for Chicago Machine : RHP Zózimo Pascoal
|
Batting: LHB Chris Moore
|
0-0: Ball 1-0: Called Strike 1-1: Ball 2-1: Ball 3-1: Called Strike 3-2: Base on Balls
|
Batting: RHB Jorge Cisneros
|
0-0: Ball 1-0: Ball 2-0: Foul Ball, location: 2F 2-1: Ball 3-1: Called Strike 3-2: Foul Ball, location: 2F 3-2: Foul Ball, location: 2F 3-2: Foul Ball, location: 2F 3-2: Foul Ball, location: 2F 3-2: Foul Ball, location: 2F 3-2: Fielders Choice at 2nd, 5-4 (Groundball, 56)
|
Batting: SHB Gilberto Guzmán
|
0-0: Ball 1-0: Foul Ball, location: 2F 1-1: Ball 2-1: Ball 3-1: Fly out, F6 (Line Drive, 6)
|
Batting: RHB Carlos Torres
|
0-0: Ball 1-0: Foul Ball, location: 2F 1-1: Fly out, F8 (Flyball, 8RD)
|
Bottom of the 2nd over - 0 run(s), 0 hit(s), 0 error(s), 1 left on base; Chicago 2 - Greenville 1 |
TOP OF THE 3RD |
Chicago Machine batting - Pitching for Greenville 84s : RHP Jing-xiang Fa
|
Batting: RHB Doug Stephens
|
0-0: Called Strike 0-1: DOUBLE (Line Drive, 7D)
|
Batting: RHB Edward Young
|
0-0: Ball 1-0: Ball 2-0: Ball 3-0: Called Strike 3-1: Called Strike 3-2: Strikes out looking
|
Batting: SHB Jesús Ramírez
|
0-0: Called Strike 0-1: Ball 1-1: Foul Ball, location: 2F 1-2: Strikes out looking
|
Batting: RHB Rick Ayliffe
|
0-0: Called Strike 0-1: Fly out, F9 (Flyball, 9LS)
|
Top of the 3rd over - 0 run(s), 1 hit(s), 0 error(s), 1 left on base; Chicago 2 - Greenville 1 |
BOTTOM OF THE 3RD |
Greenville 84s batting - Pitching for Chicago Machine : RHP Zózimo Pascoal
|
Batting: LHB Paco Rosas
|
0-0: Ball 1-0: Ball 2-0: Foul Ball, location: 2F 2-1: Fly out, F8 (Flyball, 8RS)
|
Batting: RHB Enzo Díaz
|
0-0: Ball 1-0: Foul Ball, location: 2F 1-1: Called Strike 1-2: Ground out 6-3 (Groundball, 6M)
|
Batting: RHB Sugita Ito
|
0-0: Ball 1-0: Ball 2-0: Ball 3-0: Called Strike 3-1: Foul Ball, location: 2F 3-2: Fly out, F8 (Line Drive, 8RXD)
|
Bottom of the 3rd over - 0 run(s), 0 hit(s), 0 error(s), 0 left on base; Chicago 2 - Greenville 1 |
TOP OF THE 4TH |
Chicago Machine batting - Pitching for Greenville 84s : RHP Jing-xiang Fa
|
Batting: SHB Edward Bartlett
|
0-0: SINGLE (Line Drive, 56D)
|
Batting: RHB Roberto Cardona
|
0-0: Ground out 5-3 (Groundball, 56S) Edward Bartlett to second
|
Batting: SHB Joaquín López
|
0-0: Called Strike 0-1: Ball 1-1: Ball 2-1: Ball 3-1: Base on Balls
|
Batting: LHB Eric Wheeler
|
0-0: Swinging Strike 0-1: DOUBLE (Flyball, 8RXD) Edward Bartlett scores Joaquín López to third
|
Batting: LHB Bob Smith
|
0-0: Foul Ball, location: 2F 0-1: Ground out U3 (Groundball, 3S)
|
Batting: RHB Doug Stephens
|
0-0: SINGLE (Groundball, 6MD) Joaquín López scores Eric Wheeler to third Runner from 3rd tries for Home, SAFE, no throw or cutoff
|
Batting: RHB Edward Young
|
0-0: Ball 1-0: Foul Ball, location: 2F 1-1: Swinging Strike 1-2: Ground out 5-3 (Groundball, 5S)
|
Top of the 4th over - 3 run(s), 3 hit(s), 0 error(s), 1 left on base; Chicago 5 - Greenville 1 |
BOTTOM OF THE 4TH |
Greenville 84s batting - Pitching for Chicago Machine : RHP Zózimo Pascoal
|
Batting: LHB Jimmy Vickers
|
0-0: Ball 1-0: Fly out, F3 (Popup, 3F)
|
Batting: LHB Kiyonaga Morita
|
0-0: Called Strike 0-1: Swinging Strike 0-2: Foul Ball, location: 2F 0-2: Fly out, F8 (Line Drive, 8RXD)
|
Batting: LHB Chris Moore
|
0-0: Ball 1-0: Ball 2-0: Called Strike 2-1: Ground out 5-3 (Groundball, 56)
|
Bottom of the 4th over - 0 run(s), 0 hit(s), 0 error(s), 0 left on base; Chicago 5 - Greenville 1 |
TOP OF THE 5TH |
Chicago Machine batting - Pitching for Greenville 84s : RHP Jing-xiang Fa
|
Batting: SHB Jesús Ramírez
|
0-0: Ball 1-0: Ball 2-0: Foul Ball, location: 2F 2-1: Ground out 4-3 (Groundball, 4)
|
Batting: RHB Rick Ayliffe
|
0-0: Foul Ball, location: 2F 0-1: Ball 1-1: Ball 2-1: Foul Ball, location: 2F 2-2: SINGLE (Groundball, 56)
|
Batting: SHB Edward Bartlett
|
0-0: Ball 1-0: Ball 2-0: Called Strike 2-1: Ball 3-1: SINGLE (Groundball, 4M) Rick Ayliffe to second
|
Batting: RHB Roberto Cardona
|
0-0: Ball 1-0: Ball 2-0: Grounds into double play, 6-4-3 (Groundball, 6M)
|
Top of the 5th over - 0 run(s), 2 hit(s), 0 error(s), 1 left on base; Chicago 5 - Greenville 1 |
BOTTOM OF THE 5TH |
Greenville 84s batting - Pitching for Chicago Machine : RHP Zózimo Pascoal
|
Batting: RHB Jorge Cisneros
|
0-0: Ball 1-0: Ball 2-0: Ball 3-0: Called Strike 3-1: Base on Balls
|
Batting: SHB Gilberto Guzmán
|
0-0: Ball 1-0: Ball 2-0: Called Strike 2-1: Ball 3-1: Base on Balls Jorge Cisneros to second
|
Batting: RHB Carlos Torres
|
0-0: Called Strike 0-1: Ball 1-1: Ball 2-1: Foul Ball, location: 2F 2-2: Ground out 4-3 (Groundball, 4M) Jorge Cisneros to third Gilberto Guzmán to second
|
Batting: LHB Paco Rosas
|
0-0: Called Strike 0-1: Ball 1-1: Ball 2-1: Foul Ball, location: 2F 2-2: Foul Ball, location: 2F 2-2: Ball 3-2: Foul Ball, location: 2F 3-2: DOUBLE (Line Drive, 8RXD) Jorge Cisneros scores Gilberto Guzmán scores
|
Pitching: LHP Austin Wall
|
|
Batting: RHB Enzo Díaz
|
0-0: Ball 1-0: Ball 2-0: Called Strike 2-1: Foul Ball, location: 2F 2-2: Ball 3-2: Base on Balls
|
Batting: RHB Sugita Ito
|
0-0: Called Strike 0-1: Called Strike 0-2: Foul Ball, location: 2F 0-2: Fielders Choice at 2nd, 5-4 (Groundball, 5) Paco Rosas to third
|
Batting: LHB Jimmy Vickers
|
0-0: Ball 1-0: Ball Wild Pitch! Paco Rosas scores Sugita Ito to second 2-0: Called Strike 2-1: Ball 3-1: Ground out 4-3 (Groundball, 4)
|
Bottom of the 5th over - 3 run(s), 1 hit(s), 0 error(s), 1 left on base; Chicago 5 - Greenville 4 |
TOP OF THE 6TH |
Chicago Machine batting - Pitching for Greenville 84s : RHP Jing-xiang Fa
|
Batting: SHB Joaquín López
|
0-0: Ball 1-0: Ball 2-0: Called Strike 2-1: Foul Ball, location: 2F 2-2: Foul Ball, location: 2F 2-2: SINGLE (Groundball, 5D)
|
Batting: LHB Eric Wheeler
|
0-0: Ball 1-0: Ground out 4-3 (Groundball, 4M) Joaquín López to second
|
Batting: LHB Bob Smith
|
0-0: Called Strike 0-1: SINGLE (Groundball, 34D) Joaquín López to third Runner from 3rd tries for Home, throw and OUT! Bob Smith to second
|
Batting: RHB Doug Stephens
|
0-0: Ball 1-0: Called Strike 1-1: Ball 2-1: Ball 3-1: Swinging Strike 3-2: DOUBLE (Line Drive, 89M) Bob Smith scores
|
Batting: RHB Edward Young
|
0-0: Ball 1-0: Ground out 6-3 (Groundball, 6)
|
Top of the 6th over - 1 run(s), 3 hit(s), 0 error(s), 1 left on base; Chicago 6 - Greenville 4 |
BOTTOM OF THE 6TH |
Greenville 84s batting - Pitching for Chicago Machine : LHP Austin Wall
|
Batting: LHB Kiyonaga Morita
|
0-0: Called Strike 0-1: Ball 1-1: Ball 2-1: Ball 3-1: Base on Balls
|
Batting: LHB Chris Moore
|
0-0: Called Strike 0-1: Called Strike 0-2: Ball 1-2: Strikes out looking
|
Batting: RHB Jorge Cisneros
|
0-0: Called Strike 0-1: Foul Ball, location: 2F 0-2: Strikes out looking
|
Batting: SHB Gilberto Guzmán
|
0-0: Called Strike 0-1: Foul Ball, location: 2F 0-2: Ball 1-2: Ball 2-2: 2-RUN HOME RUN (Flyball, 7D), Distance : 370 ft
|
Pitching: RHP Clint Tancock
|
|
Batting: RHB Carlos Torres
|
0-0: Called Strike 0-1: Ground out 4-3 (Groundball, 4)
|
Bottom of the 6th over - 2 run(s), 1 hit(s), 0 error(s), 0 left on base; Chicago 6 - Greenville 6 |
TOP OF THE 7TH |
Chicago Machine batting - Pitching for Greenville 84s : RHP Jing-xiang Fa
|
Pitching: RHP Ángel Lara
|
|
Batting: SHB Jesús Ramírez
|
0-0: Ball 1-0: Called Strike 1-1: Ball 2-1: Ball 3-1: SOLO HOME RUN (Flyball, 89XD), Distance : 386 ft
|
Batting: RHB Rick Ayliffe
|
0-0: Foul Ball, location: 2F 0-1: Ground out 5-3 (Groundball, 5L)
|
Batting: SHB Edward Bartlett
|
0-0: Ball 1-0: Called Strike 1-1: Foul Ball, location: 2F 1-2: Strikes out swinging
|
Batting: RHB Roberto Cardona
|
0-0: Fly out, F6 (Popup, 6M)
|
Top of the 7th over - 1 run(s), 1 hit(s), 0 error(s), 0 left on base; Chicago 7 - Greenville 6 |
BOTTOM OF THE 7TH |
Greenville 84s batting - Pitching for Chicago Machine : RHP Clint Tancock
|
Batting: LHB Paco Rosas
|
0-0: Ball 1-0: Foul Ball, location: 2F 1-1: Ball 2-1: Foul Ball, location: 2F 2-2: Hit by Pitch
|
Batting: RHB Enzo Díaz
|
0-0: Ball 1-0: Foul Ball, location: 2F 1-1: Called Strike 1-2: Fly out, F9 (Flyball, 9M)
|
Batting: RHB Sugita Ito
|
0-0: Ball 1-0: Called Strike 1-1: Foul Ball, location: 2F 1-2: 2-RUN HOME RUN (Flyball, 7D), Distance : 354 ft
|
Batting: LHB Jimmy Vickers
|
0-0: Ground out 4-3 (Groundball, 4)
|
Batting: LHB Kiyonaga Morita
|
0-0: Swinging Strike 0-1: Ball 1-1: SINGLE (Line Drive, 8LS)
|
Batting: LHB Chris Moore
|
0-0: Ball 1-0: Ball 2-0: Ball 3-0: Base on Balls Kiyonaga Morita to second
|
Batting: RHB Jorge Cisneros
|
0-0: SINGLE (Line Drive, 8LS) Kiyonaga Morita to third Chris Moore to second Runner from 3rd tries for Home, SAFE, no throw or cutoff
|
Batting: SHB Gilberto Guzmán
|
0-0: SINGLE (Line Drive, 56D) Chris Moore to third Jorge Cisneros to second
|
Batting: RHB Carlos Torres
|
0-0: Ground out 5-3 (Groundball, 56)
|
Bottom of the 7th over - 3 run(s), 4 hit(s), 0 error(s), 3 left on base; Chicago 7 - Greenville 9 |
TOP OF THE 8TH |
Chicago Machine batting - Pitching for Greenville 84s : RHP Ángel Lara
|
Batting: SHB Joaquín López
|
0-0: Called Strike 0-1: DOUBLE (Line Drive, 5D)
|
Pitching: LHP Manuel Herrera
|
|
Batting: LHB Eric Wheeler
|
0-0: Foul Ball, location: 2F 0-1: Foul Ball, location: 2F 0-2: Foul Ball, location: 2F 0-2: Ball 1-2: Ball 2-2: Strikes out swinging
|
Batting: LHB Bob Smith
|
0-0: Swinging Strike 0-1: Swinging Strike 0-2: Strikes out swinging
|
Pitching: RHP Dave Smith
|
|
Batting: RHB Doug Stephens
|
0-0: Foul Ball, location: 2F 0-1: Ball 1-1: Called Strike 1-2: Ground out 6-3 (Groundball, 6)
|
Top of the 8th over - 0 run(s), 1 hit(s), 0 error(s), 1 left on base; Chicago 7 - Greenville 9 |
BOTTOM OF THE 8TH |
Greenville 84s batting - Pitching for Chicago Machine : RHP Clint Tancock
|
Pitching: RHP António Mata
|
|
Batting: LHB Paco Rosas
|
0-0: Ball 1-0: Ground out 1-3 (Groundball, 23)
|
Batting: RHB Enzo Díaz
|
0-0: DOUBLE (Groundball, 3L)
|
Batting: RHB Sugita Ito
|
0-0: Called Strike 0-1: Called Strike 0-2: Ball 1-2: SINGLE (Flyball, 8RS) Enzo Díaz to third Runner from 3rd tries for Home, SAFE, no throw or cutoff
|
Batting: LHB Jimmy Vickers
|
0-0: Ball 1-0: Foul Ball, location: 2F 1-1: Foul Ball, location: 2F 1-2: Strikes out swinging
|
Batting: LHB Kiyonaga Morita
|
0-0: Ball 1-0: Ball 2-0: Ball 3-0: Called Strike 3-1: Base on Balls Sugita Ito to second
|
Batting: LHB Chris Moore
|
0-0: Called Strike 0-1: Ball 1-1: Ball 2-1: Foul Ball, location: 2F 2-2: Foul Ball, location: 2F 2-2: Ground out 3-1 (Groundball, 34)
|
Bottom of the 8th over - 1 run(s), 2 hit(s), 0 error(s), 2 left on base; Chicago 7 - Greenville 10 |
TOP OF THE 9TH |
Chicago Machine batting - Pitching for Greenville 84s : RHP Dave Smith
|
Pitching: LHP Francisco Ríos
|
|
Batting: RHB Edward Young
|
0-0: Ball 1-0: Ball 2-0: Called Strike 2-1: Ball 3-1: Called Strike 3-2: SINGLE (Groundball, 2R) (infield hit)
|
Batting: SHB Jesús Ramírez
|
0-0: Called Strike 0-1: Foul Ball, location: 2F 0-2: Strikes out looking
|
Batting: RHB Rick Ayliffe
|
0-0: Ball 1-0: Swinging Strike 1-1: Called Strike 1-2: Ball 2-2: Ball 3-2: Fly out, F7 (Line Drive, 78D)
|
Batting: SHB Edward Bartlett
|
0-0: Ball 1-0: Called Strike 1-1: Ball 2-1: Ground out 4-3 (Groundball, 4)
|
Top of the 9th over - 0 run(s), 1 hit(s), 0 error(s), 1 left on base; Chicago 7 - Greenville 10 |
|